 Dungeon Crawl Stone Soup version 0.18.1-48-g4cf74bf (webtiles) character file.

110 Gargoyl the Skirmisher (level 4, -8/37 HPs)
             Began as a Demonspawn Abyssal Knight on Sept 6, 2016.
             Was a Believer of Lugonu.
             Killed by nerve-wracking pain
             ... invoked by Grinder
              (14 damage)
             ... on level 3 of the Dungeon.
             The game lasted 00:05:30 (3041 turns).

Gargoyl the Skirmisher (Demonspawn Abyssal Knight)  Turns: 3041, Time: 00:05:30

Health: -8/37      AC: 10    Str: 13    XL:     4   Next: 61%
Magic:  5/5        EV:  9    Int: 13    God:    Lugonu [**....]
Gold:   144        SH:  0    Dex: 13    Spells: 0 memorised, 3 levels left

rFire  . . .     SeeInvis .     a - +1 hand axe
rCold  . . .     Gourm    .     t - +0 scale mail
rNeg   . . .     Faith    .     (no shield)
rPois  .         Spirit   .     (no helmet)
rElec  .         Dismiss  .     (no cloak)
rCorr  .         Reflect  .     i - +0 pair of gloves
SustAt .         Harm     .     d - +2 pair of boots
MR     .....                    (no amulet)
Stlth  ..........               (no ring)
                                (no ring)

@: about to teleport, very slightly contaminated, invisible, not resistant to
hostile enchantments, extremely unstealthy
A: claws 1
a: Depart the Abyss, Bend Space, Renounce Religion


You were on level 3 of the Dungeon.
You worshipped Lugonu.
Lugonu was pleased with you.
You were not hungry.

You visited 1 branch of the dungeon, and saw 4 of its levels.
You visited the Abyss 1 time.

You collected 144 gold pieces.

Inventory:

Hand Weapons
 a - a +1 hand axe (weapon)
 b - a +0 blowgun
Missiles
 u - 28 poisoned needles
Armour
 d - a +2 pair of boots (worn)
 i - a +0 pair of gloves (worn)
 t - a +0 scale mail (worn)
Scrolls
 e - a scroll of magic mapping
 f - 3 scrolls of teleportation
 k - a scroll of fear
 l - a scroll of identify
 p - 3 scrolls of amnesia
Potions
 v - a potion of invisibility
Comestibles
 c - 3 bread rations
 n - 2 meat rations
 q - 5 fruits


   Skills:
 + Level 3.7 Fighting
 + Level 2.5 Axes
 * Level 2.2 Armour
 + Level 2.3 Dodging
 + Level 0.6 Stealth
 + Level 2.6 Invocations


You had 3 spell levels left.
You didn't know any spells.

Dungeon Overview and Level Annotations

Branches:
Dungeon (4/15)
 Temple: D:4-7

Altars:

Annotations:
D:2 Robin, Sigmund
D:3 Grinder
D:4 SaintRoka's ghost, weakling SpEn


Innate Abilities, Weirdness & Mutations

You have sharp fingernails.


Message History

Grinder is severely wounded.
Grinder hits you but does no damage.
You hit Grinder.
Grinder is severely wounded.
Grinder hits you.
You writhe in agony.
You barely miss Grinder.
Grinder is severely wounded.
Grinder blinks!
Grinder zaps a wand.
You feel strangely unstable.
It is a wand of teleportation.
You completely miss Grinder.
Grinder is severely wounded.
Grinder gestures at you. Pain shoots through your body!
* * * LOW HITPOINT WARNING * * *
You hit Grinder.
Grinder is severely wounded.
Grinder gestures at you. Pain shoots through your body!
You die...

########## # #........######### #
*####........#.......###### #
###............#............. #
#..........5...#.......###### #
###.#.........@..#.......###### #
#...>............'.............
###.##.............#.......######
...........#########.......#
###.##.....####****#.......#
..#.##.##......,,,,+.......# ###
#.#.##.#.....#######.......####..
#.#....+.....#.....#..........'..
#5####.#.....#.#.###.....รท)####..


You could see Grinder.

Vanquished Creatures
  A centaur skeleton (D:4)
  An adder (D:3)
  2 worms (D:2)
  A dart slug (D:1)
  2 giant geckos (D:3)
  3 orcs (D:3)
  8 giant cockroaches
  6 goblins
  11 hobgoblins
  5 kobolds
  2 quokkas (D:4)
  A ball python (D:3)
  5 bats
  2 giant newts
  8 rats
58 creatures vanquished.

Vanquished Creatures (others)
  4 toadstools (D:1)
4 creatures vanquished.

Grand Total: 62 creatures vanquished

Notes
Turn   | Place    | Note
--------------------------------------------------------------
     0 | Abyss:1  | Gargoyl the Demonspawn Abyssal Knight began the quest for the Orb.
     0 | Abyss:1  | Reached XP level 1. HP: 18/18 MP: 2/2
    38 | Abyss:1  | Noticed a ynoxinul
    39 | D:1      | Escaped the Abyss
    68 | D:1      | Reached skill level 1 in Dodging
    70 | D:1      | Reached * piety under Lugonu
   415 | D:1      | Gained mutation: You have sharp fingernails. [demonic ancestry]
   415 | D:1      | Reached XP level 2. HP: 24/24 MP: 3/3
  1114 | D:2      | Reached XP level 3. HP: 15/29 MP: 4/4
  1719 | D:2      | Noticed Sigmund
  1724 | D:2      | Noticed Robin
  1947 | D:3      | Reached ** piety under Lugonu
  2010 | D:3      | Noticed Grinder
  2065 | D:4      | Reached XP level 4. HP: 6/36 MP: 5/5
  2278 | D:4      | Noticed SaintRoka's ghost (weakling SpEn)
  3004 | D:3      | Paralysed by Grinder for 2 turns
  3019 | D:3      | Paralysed by Grinder for 6 turns
  3041 | D:3      | Killed from afar by Grinder

Skill      XL: |  1  2  3 |
---------------+----------+-----
Dodging        | 1 2 |  2.3
Armour         | 2 |  2.2
Axes           | 2 |  2.5
Fighting       | |  3.7
Stealth        | |  0.6
Invocations    | |  2.6

Action                   |  1- 3 |  4- 6 || total
-------------------------+-------+-------++-------
Melee: Hand axe          |   115 |    74 ||   189
Throw: Javelin           |       |     2 ||     2
Invok: Depart the Abyss  |     1 |       ||     1
  Use: Potion            |     1 |     1 ||     2
       Scroll            |       |    10 ||    10
 Stab: Sleeping          |     1 |       ||     1
  Eat: Chunk             |     4 |     3 ||     7
Armor: Leather armour    |    42 |    12 ||    54
       Scale mail        |       |    21 ||    21
Dodge: Dodged            |   101 |    45 ||   146
